[Event "*** Titled Tuesday Blitz"]
[Site "Chess.com"]
[Date "2019.12.03"]
[Round "7"]
[White "KRASAVCHIK2002"]
[Black "JonahWillow"]
[Result "1/2-1/2"]
[WhiteElo "2490"]
[BlackElo "2780"]
[TimeControl "180+2"]
[EndTime "14:37:11 PST"]
[Termination "Game drawn by agreement"]

1. e4 c5 2. Nf3 Nc6 3. d4 cxd4 4. Nxd4 g6 5. Nc3 Bg7 6. Be3 Nf6 7. Bc4 O-O 8. Bb3 d6 9. f3 Bd7 10. Qd2 Nxd4 11.
Bxd4 b5 12. Nd5 Nxd5 13. Bxd5 Rc8 14. Bxg7 Kxg7 15. Bb3 Qb6 16. c3 a5 17. h4 h5 18.
a3 Qc5 19. Qf2 Qe5 20. O-O Be6 21. Bxe6 Qxe6 22. Qd4+ Kg8 23. Rfd1 Qb3 24. Rd2 Rc7 25. Qb6 Qc4 26. Qd4 Qe6 27. a4 Rc4 28. Qd5 Rxa4 29. Rxa4 bxa4 30. Qxa5 Qb3 31. e5 dxe5 32. Qxe5 Qb6+ 33. Qd4 Qb5 34. Qd5 Qa6 35. c4 Rc8 36.
c5 Qb5 37. Rc2 Qb4 38. Qc4 Qe1+ 39. Kh2 Qe5+ 40. g3 Qf5 41. c6 Rc7 42. Kg2 Qe5 43.
Qxa4 Qd5 44. Qc4 Qd1 45. b4 e5 46. b5 Qb1 47. Qc5 e4 48. fxe4 Qe1 49. b6 Qxe4+ 50.
Kh2 Re7 51. Qxe7 Qxc2+ 52. Kg1 Qb1+ 53. Kg2 Qxb6 54. c7 Qc6+ 55. Kf2 Qc2+ 56. Ke3 Qc3+ 57.
Kf4 Qd4+ 58. Kf3 Qc3+ 59. Ke2 Qc2+ 60. Ke3 1/2-1/2

[Event "*** Titled Tuesday Blitz"]
[Site "Chess.com"]
[Date "2019.12.03"]
[Round "7"]
[White "MateusViageiro"]
[Black "Alopekos"]
[Result "0-1"]
[WhiteElo "2194"]
[BlackElo "2492"]
[TimeControl "180+2"]
[EndTime "14:37:13 PST"]
[Termination "Alopekos won by resignation"]

1. e4 c5 2. Nf3 e6 3. d4 cxd4 4. Nxd4 Nf6 5. Bd3 Nc6 6. Nxc6 dxc6 7. O-O e5 8. Nd2 Bc5 9. Nc4 Qe7 10. Be3 O-O 11.
h3 Be6 12. Nxe5 Bxe3 13. fxe3 Qc5 14. Nf3 Qxe3+ 15. Kh2 Nxe4 16. Bxe4 Qxe4 17. Re1 Qf4+ 18. Kh1 Bd5 19. Ng1 Rfe8 20. Re2 Qg3 21. Qd2 Rad8 22.
Rxe8+ Rxe8 23. Rf1 h6 24. b3 b5 25. Nf3 Re6 26. Qf2 Qxf2 27. Rxf2 Re3 28. Kh2 a5 29. Nd4 a4 30. Nf5 Re1 31. Nd6 Ra1 32. c4 bxc4 33. bxc4 Be6 34. Rd2 Kf8 35. c5 Rxa2 36. Rd4 a3 37. Ra4 g6 38. Kg3 Kg7 39. Ra8 Kf6 40. Ne4+ Ke5 41. Nc3 Ra1 42. Ne2 Re1 43. Kf2 Rb1 44.
Rxa3 Rb5 45. Re3+ Kf6 46. Nd4 Rxc5 47. Nxe6 fxe6 48. Rf3+ Rf5 49. Ke3 Rxf3+ 50. gxf3 Kf5 51. f4 c5 52. Kf3 c4 53. Ke3 c3 0-1

[Event "*** Titled Tuesday Blitz"]
[Site "Chess.com"]
[Date "2019.12.03"]
[Round "7"]
[White "kesarev"]
[Black "IgorBjelobrk"]
[Result "0-1"]
[WhiteElo "2475"]
[BlackElo "2677"]
[TimeControl "180+2"]
[EndTime "14:37:22 PST"]
[Termination "IgorBjelobrk won on time"]

1. Nf3 Nf6 2. c4 e6 3. b3 d5 4. Bb2 b6 5. g3 Bb7 6. Bg2 Be7 7. O-O O-O 8. d3 c5 9. e3 Nc6 10. Nbd2 Qd7 11. Qe2 Rfd8 12. Rfd1 Rac8 13. Rac1 Qe8 14. h3 h6 15. Nb1 d4 16. exd4 cxd4 17. Na3 e5 18. Nc2 Nd7 19. Rb1 a5 20. Re1 f6 21. Nh4 Nc5 22. Ba3 Qd7 23. Bxc5 bxc5 24. Qh5 Bf8 25. Be4 Ne7 26. Bxb7 Qxb7 27. Na3 g5 28. Ng2 Bg7 29. f4 Nc6 30. Nb5 Nb4 31.
Qe2 exf4 32. gxf4 Kh8 33. a3 Nc6 34. Rb2 Qd7 35. Qf3 Re8 36. Rbe2 Rxe2 37. Rxe2 Re8 38. Rxe8+ Qxe8 39. Kf2 Qe6 40. h4 g4 41. Qd5 Qe8 42. h5 Ne7 43. Qe6 g3+ 44. Kxg3 Qd8 45. Nh4 Kh7 46. Nd6 Qc7 47. Ne4 Qb7 48. Qf7 Nf5+ 49. Nxf5 Qxf7 50. Kg4 Bf8 51. Nh4 Qe6+ 52. f5 Qe5 53. Ng6 Qb8 54. Nxf6+ Kg7 55. Nd5 Qxb3 56. f6+ Kf7 57. Ne5+ Ke6 58. Ng6 Bd6 0-1

[Event "*** Titled Tuesday Blitz"]
[Site "Chess.com"]
[Date "2019.12.03"]
[Round "7"]
[White "M1711"]
[Black "ElGasanov"]
[Result "0-1"]
[WhiteElo "2522"]
[BlackElo "2684"]
[TimeControl "180+2"]
[EndTime "14:37:26 PST"]
[Termination "ElGasanov won by resignation"]

1. d4 d5 2. c4 dxc4 3. e3 e5 4.
Bxc4 Nc6 5. Nf3 e4 6. Qb3 Qf6 7. Nfd2 Qg6 8. Nxe4 Bb4+ 9. Bd2 Qxg2 10. Bxf7+ Kf8 11. Ng3 Nf6 12. Bxb4+ Nxb4 13. Qxb4+ Kxf7 14. Qc4+ Be6 15. Qxc7+ Kg6 16. Nc3 Rac8 17. Qf4 Rhe8 18. O-O-O Nd5 19. Qe4+ Qxe4 20. Nxe4 Nxc3 21. Nxc3 Bxa2 22.
Kd2 Bc4 23. e4 b5 24. Rdg1+ Kf7 25. e5 Red8 26. Ke3 Be6 27. Ne4 Rc6 28. Nd6+ Kf8 29. Ra1 a6 30. Ke4 Rc2 31. d5 Bh3 32. Rhg1 Rxf2 33.
Rxa6 Bg2+ 34. Ke3 Rxb2 35. Ra7 b4 36. Nc4 Rb3+ 37. Kd4 Bxd5 38. Nd6 Be6 39. Rgxg7 Rh3 40. Rge7 Bg8 41. Kc5 b3 42. Reb7 Rxh2 43. Nf5 Rc2+ 44. Kb4 b2 45. Ka3 b1=Q 46. Rxb1 Ra2+ 47. Kb4 Rxa7 48.
Rf1 Rb7+ 49. Kc5 Rc7+ 50. Kb6 Rf7 51. e6 Rf6 52. Kc7 Re8 53. e7+ Rxe7+ 54. Kd8 Ref7 55. Rg1 Rxf5 56. Rd1 R7f6 57. Rc1 Rd5+ 58. Kc7 h5 59. Rd1 0-1

[Event "*** Titled Tuesday Blitz"]
[Site "Chess.com"]
[Date "2019.12.03"]
[Round "7"]
[White "jefferyx"]
[Black "DangerousPlayer1st"]
[Result "0-1"]
[WhiteElo "2893"]
[BlackElo "2808"]
[TimeControl "180+2"]
[EndTime "14:37:27 PST"]
[Termination "DangerousPlayer1st won by resignation"]

1. d4 Nf6 2. c4 g6 3. Nc3 d5 4.
Bg5 Ne4 5. Bh4 Nxc3 6. bxc3 Bg7 7. e3 c5 8. cxd5 Qxd5 9. Nf3 Nc6 10. Be2 O-O 11.
O-O Bf5 12. Nd2 Rfd8 13. Bf3 Qd6 14. Bg3 e5 15. d5 Na5 16. c4 Bd7 17. Rb1 f5 18. e4 f4 19. Bh4 Re8 20. Bg4 h6 21. Bxd7 Qxd7 22. f3 g5 23. Bf2 b6 24. Qe2 h5 25. Nb3 Nb7 26. a4 Bf6 27. a5 g4 28.
axb6 axb6 29. Nd2 Bd8 30. Ra1 Bc7 31. Bh4 Nd6 32. Bf6 Rxa1 33. Rxa1 Kf7 34. Bh4 Rg8 35. Ra7 Nc8 36. Rb7 Nd6 37. Ra7 Nc8 38. Ra6 Rg6 39. Nb1 Nd6 40. Nc3 gxf3 41. Qxf3 Nxc4 42. Qxh5 Qg4 43.
Qxg4 Rxg4 44. g3 fxg3 45. hxg3 Bd6 46. Kf2 Ke8 47. Ra8+ Kf7 48. Kf3 Rg6 49. Nb5 Bf8 50. Rb8 Nd2+ 51. Ke3 Bh6+ 52. Kd3 c4+ 53. Kc3 Nxe4+ 54.
Kxc4 Rg4 55. Rb7+ Kf8 56. Be7+ Ke8 57. Kd3 Bf8 58. d6 Nc5+ 59. Ke3 Nxb7 60. Nc7+ Kf7 0-1

[Event "*** Titled Tuesday Blitz"]
[Site "Chess.com"]
[Date "2019.12.03"]
[Round "7"]
[White "semchik73"]
[Black "visa"]
[Result "0-1"]
[WhiteElo "2373"]
[BlackElo "2269"]
[TimeControl "180+2"]
[EndTime "14:37:30 PST"]
[Termination "visa won by resignation"]

1. Nf3 d5 2. c4 e6 3. d4 Nf6 4.
Nc3 Be7 5. Bg5 h6 6. Bh4 O-O 7. e3 Ne4 8. Bxe7 Qxe7 9. Qc2 Nxc3 10.
Qxc3 c6 11. Bd3 dxc4 12. Bxc4 Nd7 13. O-O Re8 14. e4 e5 15. d5 cxd5 16. Bxd5 Nf6 17. Rfe1 Bg4 18. h3 Nxd5 19. exd5 Bxf3 20. Qxf3 Qd6 21. Qb3 Re7 22. Rac1 Rd7 23. Rcd1 Rad8 24. Re4 f6 25. f4 exf4 26. Re6 Qc5+ 27. Kh1 Kh8 28.
Qf3 Qc4 29. Re4 Qxa2 30. Red4 Qxb2 31. Qxf4 Qc2 32. d6 Qg6 33. Re1 a6 34. Re7 Kh7 35. Qd2 f5 36. Rd5 Rxd6 37. Rxd6 Rxd6 38. Qf4 b5 39.
Re5 Rf6 40. Re7 Qg5 41. Qc7 Rg6 42. Qb7 b4 43. Re8 Qc1+ 44. Kh2 Qf4+ 45. Kg1 Qc1+ 46.
Kh2 Qd2 47. Qa8 Qf4+ 48. Kg1 Qc1+ 49. Kh2 Qf4+ 50. Kg1 Rd6 51. Rh8+ Kg6 52. Qe8+ Kg5 53. Qe2 Qc1+ 54. Kh2 Qf4+ 55. g3 Qd2 56. h4+ Kg6 57. Re8 Qxe2+ 58. Rxe2 b3 59. Rb2 Rb6 60. Rd2 a5 61. Rd8 a4 62. Ra8 Rb4 63. Ra6+ Kh7 64. h5 b2 65. Ra8 b1=Q 0-1

[Event "*** Titled Tuesday Blitz"]
[Site "Chess.com"]
[Date "2019.12.03"]
[Round "7"]
[White "j2806"]
[Black "coalescenet"]
[Result "1/2-1/2"]
[WhiteElo "1917"]
[BlackElo "2317"]
[TimeControl "180+2"]
[EndTime "14:37:42 PST"]
[Termination "Game drawn - insufficient material"]

1. e4 c6 2. d4 d5 3. exd5 cxd5 4. Bd3 Nc6 5. c3 Qc7 6. h3 Nf6 7. Nf3 g6 8. Qe2 Bf5 9. Nbd2 Bg7 10. O-O O-O 11.
Bxf5 gxf5 12. Re1 e6 13. Ne5 Ne4 14. f4 Kh8 15. Nxe4 fxe4 16. Be3 f5 17. g4 Bxe5 18. dxe5 Qg7 19. g5 h6 20. h4 Rf7 21. Kf2 hxg5 22. hxg5 Nxe5 23. Rh1+ Kg8 24. fxe5 f4 25. Bd4 Rf5 26. Rag1 e3+ 27. Kf3 Raf8 28. Qh2 b6 29. Qh6 Re8 30. Qxg7+ Kxg7 31. Rg4 Ref8 32.
b3 Rg8 33. Rhh4 Kf7 34. Rxf4 Rxg5 35. Kxe3 Kg6 36. Rxf5 Rxf5 37. Rg4+ Kh7 38. Rf4 Rh5 39.
Rf6 Rh3+ 40. Kd2 Rh2+ 41. Rf2 Rh1 42. Kc2 b5 43. Rf7+ Kg6 44. Rxa7 Kf5 45. Ra5 b4 46. cxb4 Ke4 47. Bc3 Rh2+ 48. Bd2 Kxe5 49. b5 Kd6 50. b6 Kc6 51. Ra6 Kb7 52. Ra4 Kxb6 53. Rg4 Kc5 54. Rg6 e5 55. a4 e4 56. b4+ Kd4 57. a5 e3 58. Rg4+ Ke5 59. Kc3 exd2 60. Rg1 d4+ 61. Kd3 Rh3+ 62. Kxd2 Rb3 63. Ra1 Rxb4 64. a6 Rb8 65. a7 Ra8 66. Kd3 Kd5 67. Ra5+ Kc6 68. Kxd4 Kb6 69. Ra2 Rxa7 70. Rxa7 Kxa7 1/2-1/2

[Event "*** Titled Tuesday Blitz"]
[Site "Chess.com"]
[Date "2019.12.03"]
[Round "7"]
[White "Man-Chuk"]
[Black "artooon"]
[Result "0-1"]
[WhiteElo "2917"]
[BlackElo "2821"]
[TimeControl "180+2"]
[EndTime "14:37:44 PST"]
[Termination "artooon won by resignation"]

1. d4 Nf6 2. c4 e6 3. Nf3 d5 4. Nc3 c6 5. e3 Nbd7 6. b3 Bd6 7.
Bb2 O-O 8. Be2 a6 9. Qc2 Re8 10. O-O-O e5 11. dxe5 Nxe5 12. cxd5 Qe7 13. dxc6 Nxc6 14.
Rxd6 Qxd6 15. Rd1 Qe7 16. a3 Be6 17. Ng5 h6 18. Nxe6 Qxe6 19. Bc4 Qe7 20. Kb1 Ne5 21. Nd5 Nxd5 22. Bxd5 Rac8 23. Qf5 Nc6 24. e4 Rcd8 25. f3 Qf8 26. Qf4 Ne7 27. Qc7 Nxd5 28. Rxd5 Rxd5 29.
exd5 Qe7 30. Qb6 Qe1+ 31. Ka2 Qd2 32. Qxb7 h5 33. Qxa6 Re2 34. Qc8+ Kh7 35. Qf5+ Kh6 36. Qb1 Rxg2 37. h4 Qxd5 38. Ka1 f6 39. Bc1+ g5 40.
hxg5+ fxg5 41. Bb2 h4 42. Qe1 Qxf3 43. Qe6+ Kh5 44.
Qe8+ Kg4 45. Qd7+ Qf5 46. Qd4+ Kh3 47. a4 g4 48. Qe3+ Qf3 49. Qe6 Kh2 50. Qd6+ g3 51. a5 Qe2 52. Qd4 Qxb2+ 53. Qxb2 Rxb2 54. a6 Re2 55. b4 Re8 56. b5 g2 57. Kb2 g1=Q 58.
Kc3 Qe3+ 59. Kb4 Qd4+ 60. Ka5 Re3 61. b6 Qc5+ 0-1

[Event "*** Titled Tuesday Blitz"]
[Site "Chess.com"]
[Date "2019.12.03"]
[Round "7"]
[White "Kumi29"]
[Black "Marcin"]
[Result "1-0"]
[WhiteElo "2497"]
[BlackElo "2360"]
[TimeControl "180+2"]
[EndTime "14:37:49 PST"]
[Termination "Kumi29 won by resignation"]

1. d4 d5 2. Nc3 Nf6 3. Bf4 c6 4.
e3 Bf5 5. f3 e6 6. g4 Bg6 7. h4 h6 8. Bd3 Bxd3 9. Qxd3 Bd6 10.
Nge2 Bxf4 11. Nxf4 Nbd7 12. O-O-O Qe7 13. e4 O-O-O 14.
g5 Ng8 15. exd5 exd5 16. Rhe1 Qd6 17. Qf5 hxg5 18. hxg5 f6 19. Ne6 Ne7 20. Qd3 Rdg8 21. Na4 fxg5 22. Nac5 Nxc5 23. dxc5 Qd7 24. Qe3 Rh6 25.
Nxg5 Nf5 26. Qe5 Rf6 27. Ne4 Rff8 28. Ng5 Re8 29. Qf4 g6 30. Re5 Rxe5 31. Qxe5 Re8 32. Qf6 Ne3 33. Re1 Qf5 34. Qxf5+ gxf5 35. Nf7 Kd7 36.
Nd6 Re7 37. Nxb7 f4 38. Na5 Rh7 39. Nb3 Rh2 40. Nd4 Rf2 41. c3 Ke7 42. Rg1 Kf6 43. a4 a5 44. b4 axb4 45. cxb4 Ra2 46. Rg8 Rxa4 47. Rf8+ Ke7 48. Rxf4 Kd7 49. Rf7+ Ke8 50. Rb7 Ra6 51. Kd2 Nc4+ 52. Ke2 Kd8 53. f4 Kc8 54. Rh7 Ra2+ 55. Kf3 Ra3+ 56. Kg4 Ne3+ 57. Kg5 Rd3 58. Nxc6 d4 59. b5 Nd5 60. b6 Rb3 61. Ne7+ Nxe7 62. Rxe7 Rb5 63. Re5 d3 64. Rd5 d2 65. Rxd2 Rxc5+ 66. f5 Rb5 67. Rd6 1-0

[Event "*** Titled Tuesday Blitz"]
[Site "Chess.com"]
[Date "2019.12.03"]
[Round "7"]
[White "wild_cat99"]
[Black "Azatic"]
[Result "1-0"]
[WhiteElo "2425"]
[BlackElo "2618"]
[TimeControl "180+2"]
[EndTime "14:37:54 PST"]
[Termination "wild_cat99 won by checkmate"]

1. Nf3 c5 2. g3 b6 3. Bg2 Bb7 4. O-O Nf6 5. d3 d5 6. Nbd2 e6 7. b3 Be7 8. Bb2 O-O 9. e3 Nbd7 10. Qe2 Qc7 11. e4 d4 12. h3 e5 13. Nh4 g6 14.
f4 Nh5 15. f5 Nxg3 16. Qg4 Bxh4 17. Qxh4 Nxf1 18. Rxf1 f6 19. fxg6 hxg6 20. Qg4 Rf7 21. Nf3 Nf8 22. Nh4 Bc8 23. Qg3 Be6 24. Nxg6 Rg7 25.
Rxf6 Bf7 26. Qxe5 Bxg6 27. Qd5+ Bf7 28. Qxa8 Qg3 29. Rf2 Qe3 30. Kf1 Rg6 31. Qb7 Be6 32.
Qe7 Qh6 33. Qd8 Rg3 34. Rxf8+ Qxf8+ 35. Qxf8+ Kxf8 36. Kf2 Rg8 37. c3 dxc3 38. Bxc3 Ke7 39. Be5 Bd7 40. h4 Bg4 41. Ke3 Ke6 42. Bf4 Rh8 43.
Bg5 Rf8 44. Bf4 Rh8 45. Bg5 b5 46. Kf4 Be2 47. Bh3+ Kf7 48. e5 Bxd3 49. e6+ Ke8 50. Bg4 Bg6 51. Ke5 c4 52. bxc4 bxc4 53. Be2 Bd3 54. Bd1 Bg6 55. Ba4+ Kf8 56. Kf6 Bh5 57. e7+ Kg8 58. Bc6 c3 59. Bd5+ Kh7 60. Bf7 Rb8 61.
Bxh5 Rb6+ 62. Kf7 Rb7 63. Kf8 c2 64. e8=Q c1=Q 65. Qg6+ Kh8 66. Qg8# 1-0

[Event "*** Titled Tuesday Blitz"]
[Site "Chess.com"]
[Date "2019.12.03"]
[Round "7"]
[White "DeviatkinAndrey"]
[Black "Zq1"]
[Result "1-0"]
[WhiteElo "2712"]
[BlackElo "2539"]
[TimeControl "180+2"]
[EndTime "14:38:02 PST"]
[Termination "DeviatkinAndrey won by resignation"]

1. d4 Nf6 2. Nf3 e6 3. Bg5 c5 4.
e3 cxd4 5. exd4 b6 6. h3 Bb7 7.
Nbd2 Be7 8. Bd3 O-O 9. O-O d6 10. Qe2 a6 11. c4 Nbd7 12. Rfe1 d5 13. b3 Re8 14. Rad1 Nf8 15. Ne5 dxc4 16. bxc4 Qxd4 17. Nb3 Qc3 18. Bd2 Qb2 19. Rb1 Qa3 20. Na5 bxa5 21. Rxb7 Qxa2 22. Bb1 Qa3 23. Nc6 Bc5 24. Bxa5 Rac8 25.
Bb4 Bxb4 26. Nxb4 Rb8 27. Rxb8 Rxb8 28. Nc6 Rc8 29. Ne5 Qc5 30. Bd3 a5 31. Qc2 Ra8 32.
Qa4 Qd4 33. Bc2 Qc3 34. Re2 Rd8 35. Re3 Qd2 36. Nf3 Qb4 37. Qxb4 axb4 38. Rb3 Rb8 39.
Ne5 N6d7 40. Nc6 Rb6 41. Nxb4 Nc5 42. Rb1 Nfd7 43. Nd3 Rxb1+ 44. Bxb1 Nxd3 45. Bxd3 Kf8 46. f4 g6 47. Kf2 Ke7 48. Ke3 Kd6 49. Kd4 f6 50. h4 e5+ 51. fxe5+ fxe5+ 52. Ke3 Nc5 53. g4 Ke6 54. g5 Kf7 55. Be4 Ke6 56. Bd5+ Ke7 57.
Kf3 Kf8 58. Kg4 Kg7 59. h5 gxh5+ 60. Kxh5 e4 61. Kg4 e3 62. Bf3 Nd3 63. Be2 Ne5+ 64.
Kf4 Nxc4 65. Bxc4 e2 66. Bxe2 h6 67. Bh5 Kh8 68. g6 Kg7 69. Kf5 1-0

[Event "*** Titled Tuesday Blitz"]
[Site "Chess.com"]
[Date "2019.12.03"]
[Round "7"]
[White "sergoy"]
[Black "VladimirBelous"]
[Result "1/2-1/2"]
[WhiteElo "2897"]
[BlackElo "2757"]
[TimeControl "180+2"]
[EndTime "14:38:15 PST"]
[Termination "Game drawn - insufficient material"]

1. d4 Nf6 2. c4 g6 3. Nc3 Bg7 4. e4 O-O 5. Nf3 d6 6. Be2 Na6 7. O-O e5 8. Bg5 h6 9. Be3 Ng4 10. Bc1 c6 11. h3 exd4 12. Nxd4 Nf6 13. f3 Nh5 14. Be3 Qh4 15. f4 Bxh3 16. Bxh5 gxh5 17.
Nf5 Bxf5 18. exf5 Rfe8 19. Bd4 Rad8 20. Bxg7 Kxg7 21. Rb1 Nc5 22. b4 Ne4 23. Qd3 Nf6 24.
b5 Ng4 25. Qh3 Qxh3 26. gxh3 Ne3 27. Rf2 Nxf5 28. bxc6 bxc6 29. Rf3 Rb8 30. Kf2 Rxb1 31. Nxb1 Rb8 32. Rb3 Rxb3 33. axb3 Kf6 34. Nd2 d5 35.
Ke2 dxc4 36. bxc4 Nd6 37. Kf3 Kf5 38. Ke3 a5 39. c5 Nb7 40. Nf3 Nxc5 41. Nd4+ Kf6 42.
Nxc6 a4 43. Kd4 a3 44. Nb4 Ne6+ 45. Ke4 h4 46. Nd5+ Kg7 47. Nb4 Nc7 48. Kf5 Nd5 49. Na2 h5 50. Kg5 Ne3 51. Kxh5 Ng2 52. Kg4 Kg6 53.
Kf3 Ne1+ 54. Kg4 Nd3 55. Kxh4 Kf5 56. Kg3 Nxf4 57. h4 Ke4 58. Kg4 f5+ 59. Kg5 Ne6+ 60.
Kf6 Nf4 61. Kg5 Nd5 62. h5 Ke5 63. h6 Nf6 64. Nc3 f4 65. Kh4 Kd4 66. Nb5+ Ke3 67. Nxa3 f3 68. Nc2+ Kd2 69. Kg3 Kxc2 70. Kxf3 Kd3 71.
Kf4 Kd4 72. Kf5 Nh7 73. Kg6 Nf8+ 74. Kf7 Nh7 75. Kg6 Nf8+ 76. Kg7 Ne6+ 77. Kf7 Ke5 78. h7 Ng5+ 79. Kg7 Nxh7 1/2-1/2

[Event "*** Titled Tuesday Blitz"]
[Site "Chess.com"]
[Date "2019.12.03"]
[Round "7"]
[White "MITerryble"]
[Black "Korchmar_Vasiliy"]
[Result "0-1"]
[WhiteElo "2849"]
[BlackElo "2760"]
[TimeControl "180+2"]
[EndTime "14:38:22 PST"]
[Termination "Korchmar_Vasiliy won by checkmate"]

1. e4 c5 2. Nf3 e6 3. Nc3 a6 4. g3 b5 5. Bg2 Bb7 6. d3 d5 7. exd5 exd5 8. d4 Nf6 9. O-O c4 10.
Nh4 Be7 11. Nf5 O-O 12. Re1 Bb4 13. Bg5 Nbd7 14. Qf3 Qb6 15. a3 Bxc3 16. Qxc3 Rae8 17. f3 Re6 18. Qd2 Rfe8 19. c3 a5 20. Bh3 Ne5 21. Rxe5 Rxe5 22. Bxf6 Re2 23. Nh6+ Kf8 24. Bxg7+ Kxg7 25. Nf5+ Kf8 26. Qf4 Qf6 27. Qc7 Bc8 28. Qc5+ Kg8 29.
Qxd5 Bxf5 30. Bxf5 Rxb2 31. Be4 Qh6 32. h4 Qd2 33.
Qg5+ Qxg5 34. hxg5 Rb3 35. Rc1 Rxa3 36. d5 Rd8 37.
Kf2 Rb3 38. Ke3 a4 39. Kd4 a3 40. Ra1 Kg7 41. f4 h6 42. gxh6+ Kxh6 43. g4 Kg7 44. g5 Kf8 45. f5 Ke7 46. g6 fxg6 47. fxg6 Kd6 48. Rf1 a2 49. Rf6+ Kc7 50. Ra6 Rb2 51.
Kc5 Kb7 52. Ra5 Rc8+ 53. Kd4 Kb6 54. Ra3 Rh8 55. d6 Rd2+ 56. Ke5 b4 57. cxb4 c3 58.
g7 Rg8 59. Kf6 c2 60. Bxc2 Rxc2 61. Kf7 Rb8 62. d7 Rf2+ 63. Ke7 Re2+ 64. Kf7 Rg2 65. b5 Kc7 66. Ra7+ Kd6 67. b6 Rd8 68. g8=Q Rdxg8 69. b7 R2g7+ 70. Kf6 Rxd7 71. Ra8 Rdd8 72. Rxa2 Rdf8# 0-1

[Event "*** Titled Tuesday Blitz"]
[Site "Chess.com"]
[Date "2019.12.03"]
[Round "7"]
[White "Kildepiotr"]
[Black "Chempiblinka"]
[Result "0-1"]
[WhiteElo "2496"]
[BlackElo "2369"]
[TimeControl "180+2"]
[EndTime "14:38:41 PST"]
[Termination "Chempiblinka won by resignation"]

1. Nf3 Nf6 2. g3 d5 3. Bg2 c6 4. O-O Bg4 5. d3 Nbd7 6. Nbd2 e6 7. e4 Be7 8. h3 Bh5 9. Qe2 O-O 10. Re1 h6 11. e5 Ne8 12. g4 Bg6 13. Nf1 c5 14. Ng3 b5 15. Nh2 Qc7 16. f4 Bh7 17. Nf3 a5 18. f5 Kh8 19. f6 gxf6 20. Bxh6 Rg8 21. Bf4 a4 22. Nh5 b4 23. exf6 Bd6 24. Bxd6 Qxd6 25.
Qf2 Rg6 26. Qh4 Rh6 27. g5 Rg6 28. Nf4 Rg8 29. g6 Nexf6 30. Ng5 Rg7 31. gxh7 Rf8 32.
Rf1 Nxh7 33. Nxh7 Rxh7 34. Nh5 Qe5 35. Bf3 Rg8+ 36. Kh1 Rg5 37. Rg1 f6 38. Rxg5 fxg5 39. Qg3 Qxg3 40. Nxg3 Rxh3+ 41. Kg2 Rh4 42. Re1 Nf8 43.
Bh5 Kg7 44. Be8 a3 45. b3 Kf6 46.
Rf1+ Ke7 47. Bh5 Nd7 48. Re1 Kd6 49. Bd1 Ne5 50. Rf1 Nc6 51. Ne2 Rh6 52. Rf8 Ne5 53. d4 cxd4 54. Nxd4 Rh4 55. Nf3 Rg4+ 56. Kf2 Nxf3 57.
Bxf3 Rd4 58. Ke2 g4 59. Bg2 Ke5 60. Rg8 Rf4 61. Rg5+ Kd4 62. Rg6 e5 63. Rc6 g3 64.
Bf3 e4 65. Bh5 Rf2+ 66. Ke1 Rh2 67. Rg6 Rxh5 68. Rxg3 Rh1+ 69. Kd2 Ra1 70. Rg8 Rxa2 71.
Rb8 Ra1 72. Rxb4+ Kc5 73. Rb8 a2 74. Ra8 e3+ 75. Ke2 d4 76. Ra4 Kb5 77. Ra8 Kb4 78.
Ra7 Kc3 79. Ra6 Kxc2 80. b4 d3+ 81. Kxe3 Re1+ 0-1

[Event "*** Titled Tuesday Blitz"]
[Site "Chess.com"]
[Date "2019.12.03"]
[Round "7"]
[White "maciek_92"]
[Black "Kostya_Nikologorskiy"]
[Result "0-1"]
[WhiteElo "2758"]
[BlackElo "2664"]
[TimeControl "180+2"]
[EndTime "14:38:54 PST"]
[Termination "Kostya_Nikologorskiy won by checkmate"]

1. e4 e6 2. d4 d5 3. Nd2 Nc6 4. Ngf3 Nf6 5. e5 Nd7 6. Bd3 Nb4 7. Be2 c5 8. c3 Nc6 9. Bd3 Be7 10. O-O g5 11. dxc5 g4 12. Nd4 Ndxe5 13. Bb5 Bd7 14. b4 h5 15. Re1 Nxd4 16. cxd4 Bxb5 17. dxe5 a5 18. Nb3 axb4 19. Bd2 Ra4 20. Nd4 Qd7 21.
Qc2 h4 22. Rab1 b3 23. Nxb3 Rc4 24. Qd1 g3 25. Be3 Ba4 26. Qf3 gxh2+ 27. Kxh2 Rc2 28. Nd4 Rxa2 29. Ra1 Rxa1 30. Rxa1 Bxc5 31. Nb3 Bxe3 32.
Qxe3 b5 33. Nd4 Kf8 34. Rc1 Rh5 35. f4 b4 36. Qe2 Rh6 37. Qd2 b3 38. f5 Rh5 39. f6 Qb7 40. Qa5 b2 41. Rb1 Be8 42.
Qa3+ Kg8 43. Qf3 Rg5 44. Qe3 Rg4 45. Qd2 Qc7 46. Nf3 Ba4 47. Rxb2 Rg6 48. Qf4 Be8 49.
Ra2 Bc6 50. Rc2 Qb7 51. Nd4 Be8 52. Qxh4 Qb8 53. Nf3 d4 54. Qxd4 Rxf6 55. Rc4 Rh6+ 56.
Kg3 Qb1 57. Qe3 Rg6+ 58. Kh2 Qf1 59. Rc2 Bc6 60. Rf2 Qd1 61. Qd4 Bxf3 62. Qh4 Bd5 63. Qf4 Qh5+ 64. Kg1 Rg5 65. Qf6 Rf5 66. Qd8+ Kg7 67.
Rxf5 Qxf5 68. Qc7 Qe4 69. Kf2 Qxg2+ 70. Ke3 Qe4+ 71. Kf2 Qd4+ 72. Kg3 Qe3+ 73. Kg4 Qf3+ 74. Kh4 Kg6 75. Qb8 Qe4+ 76. Kg3 Qe3+ 77. Kg4 Bf3+ 78. Kh4 Qf4+ 79. Kh3 Qg4+ 80. Kh2 Qg2# 0-1

[Event "*** Titled Tuesday Blitz"]
[Site "Chess.com"]
[Date "2019.12.03"]
[Round "7"]
[White "Oleksandr_Bortnyk"]
[Black "Parhamov"]
[Result "1/2-1/2"]
[WhiteElo "2946"]
[BlackElo "3094"]
[TimeControl "180+2"]
[EndTime "14:38:56 PST"]
[Termination "Game drawn by agreement"]

1. e4 e5 2. Bc4 Nf6 3. d3 Nc6 4. Nc3 Bc5 5. Bg5 h6 6. Bh4 d6 7. Nd5 g5 8. Qf3 Nxd5 9. Bxd5 Be6 10. Bxe6 fxe6 11. Qh5+ Kd7 12. Bg3 Qe8 13. Qxe8+ Raxe8 14. h4 g4 15. h5 a5 16. c3 b5 17. Ne2 a4 18. a3 Ref8 19. Rd1 Bb6 20. d4 Rhg8 21.
Rd3 Na5 22. Kd1 Nc4 23. Kc2 exd4 24. cxd4 e5 25. dxe5 Bxf2 26. Bf4 Bc5 27. exd6 cxd6 28. g3 Kc6 29. Nc3 Rxf4 30. gxf4 g3 31. Ne2 g2 32. Rg1 Ne3+ 33. Kd2 Nc4+ 34. Kc2 Bxg1 35. Nxg1 Re8 36. Rd4 Rf8 37. f5 d5 38. exd5+ Kc5 39. Rf4 Kxd5 40.
Kc3 Nd6 41. Rg4 Rxf5 42. Rxg2 Rxh5 43. Kb4 Kc6 44. Nf3 Rd5 45. Rg6 h5 46. Re6 Kd7 47.
Rh6 Ke7 48. Ka5 Nc4+ 49. Kb4 Nxb2 50. Nh4 Kf7 51. Ng2 Kg7 52. Rb6 Nd3+ 53. Kc3 Nf2 54. Nf4 Rf5 55. Ne6+ Kf7 56. Nd4 Rg5 57. Nxb5 h4 58. Nd6+ Kg7 59. Ne8+ Kf7 60. Nd6+ Ke7 61. Nc4 h3 62. Rh6 Rg2 63. Kb4 h2 64. Ne3 h1=Q 65. Rxh1 Nxh1 66. Nxg2 Ng3 67. Kxa4 Ne4 68. Kb4 Kd6 69.
Ne3 Kc6 70. Nc4 Kb7 71. Kb5 Nc3+ 72. Kb4 Ne4 73. a4 Ka6 74. a5 Nf6 75. Nb6 Ne8 76. Na4 Nd6 77. Nc5+ Ka7 1/2-1/2

[Event "*** Titled Tuesday Blitz"]
[Site "Chess.com"]
[Date "2019.12.03"]
[Round "7"]
[White "enriquetejedor"]
[Black "Godzillator"]
[Result "1-0"]
[WhiteElo "2473"]
[BlackElo "2354"]
[TimeControl "180+2"]
[EndTime "14:39:11 PST"]
[Termination "enriquetejedor won by resignation"]

1. e4 c6 2. d3 d5 3. Nc3 dxe4 4. dxe4 Qxd1+ 5. Nxd1 Nf6 6. f3 g6 7. a4 Bg7 8. Bc4 O-O 9. Ne2 Nbd7 10. O-O Ne5 11. Ba2 c5 12. Ne3 Nc6 13. c3 e6 14.
Nc4 b6 15. Bf4 Ba6 16. Rfd1 Rfd8 17. Kf2 Ne8 18. Na3 e5 19. Bg5 Bf6 20. Be3 Nc7 21. g3 Kf8 22. Bc4 Bb7 23. h3 Na5 24. Ba2 Ke7 25.
b4 cxb4 26. cxb4 Nc6 27. Rdc1 Ne6 28. Nc2 Ned4 29. Nc3 Nxc2 30. Rxc2 Nxb4 31. Re2 Nxa2 32. Raxa2 Rd3 33. Nb5 Bc6 34. Rec2 Bxb5 35. axb5 Kd7 36. Bxb6 Bd8 37. Bxa7 Rb3 38. Rd2+ Kc8 39. b6 Bxb6+ 40. Bxb6 Rxa2 41. Rxa2 Rxb6 42. Ra7 Rb7 43. Ra5 f6 44. Ra8+ Kd7 45. g4 Ke6 46. h4 Rb2+ 47. Kg3 Rb7 48.
Rh8 f5 49. gxf5+ gxf5 50. Re8+ Kd6 51. exf5 Rg7+ 52. Kh3 Ra7 53. Re6+ Kd5 54. Kg4 Ra4+ 55. Kg5 Rf4 56. Rh6 Rxf3 57. Rxh7 e4 58. Re7 e3 59. f6 Kd4 60. h5 Kd3 61. h6 e2 62. Rxe2 Kxe2 63.
h7 Rh3 64. f7 Rxh7 65. f8=Q Rh3 66. Qb4 Rf3 67. Kg4 Re3 68. Qc4+ Kd2 69. Kf4 Rc3 70. Qd4+ Rd3 71. Qb2+ Kd1 72. Ke4 Rd2 73. Qb1+ Ke2 74. Qg1 Rc2 75. Qg2+ Kd1 76. Qg1+ Ke2 77. Qg2+ Kd1 78.
Qf1+ Kd2 79. Kd4 Rb2 80. Qf2+ Kc1 81. Qe1+ Kc2 82. Kc4 Ra2 83. Qe2+ Kb1 84. Qd1+ Kb2 85. Kb4 Ra1 86. Qd2+ Kb1 87. Kb3 Ra3+ 88. Kxa3 1-0